 Dungeon Crawl Stone Soup version 0.21.1-1-g345015f (webtiles) character file.

220 Kairos the Digger (level 5, -3/30 HPs)
             Began as a Gargoyle Earth Elementalist on Mar 26, 2018.
             Slain by Kairos's ghost (7 damage)
             ... on level 3 of the Dungeon.
             The game lasted 00:07:32 (2652 turns).

Kairos the Digger (Gargoyle Earth Elementalist)     Turns: 2652, Time: 00:07:33

Health: -3/30      AC: 11    Str: 13    XL:     5   Next: 97%
Magic:  5/9        EV: 10    Int: 15    God:
Gold:   131        SH:  0    Dex: 10    Spells: 8/9 levels left

rFire    . . .     SeeInvis .   i - +0 hunting sling
rCold    . . .     Gourm    .   (no shield)
rNeg     + . .     Faith    .   y - +0 ring mail
rPois    ∞         Spirit   .   s - +0 helmet (curse)
rElec    +         Reflect  .   g - +0 cloak
rCorr    .         Harm     .   (no gloves)
MR       .....                  (no boots)
Stlth    +.........             (no amulet)
HPRegen  0.10/turn              (no ring)
MPRegen  0.11/turn              (no ring)

@: very slightly contaminated
A: negative energy resistance 1, electricity resistance, unbreathing,
petrification resistance, rot immunity, AC +4
a: no special abilities


You were on level 3 of the Dungeon.
You were not hungry.

You visited 1 branch of the dungeon, and saw 3 of its levels.

You collected 131 gold pieces.

Inventory:

Hand Weapons
 i - a +0 hunting sling (weapon)
 o - a +0 dagger of venom
 r - a +0 trident of protection
 t - a +1 hand axe of electrocution
Missiles
 b - 21 stones (quivered)
Armour
 a - a +0 leather armour
 c - a +0 robe
 g - a +0 cloak (worn)
 s - a cursed +0 helmet (worn)
 y - a +0 ring mail (worn)
Scrolls
 f - a scroll of blinking {unknown}
 h - 2 scrolls of immolation {unknown}
 l - 6 scrolls of remove curse {unknown}
 p - a scroll of identify {unknown}
 q - 2 scrolls of enchant weapon {unknown}
 u - a scroll of amnesia {unknown}
 w - a scroll of teleportation {unknown}
Potions
 j - a potion of curing {unknown}
 k - a potion of berserk rage {unknown}
 m - 2 potions of cancellation {unknown}
 v - a potion of invisibility {unknown}
 x - a potion of brilliance {unknown}
Books
 e - a book of Geomancy

   Spells                             Type                      Level
   a - Sandblast                      Earth                        1
   b - Passwall                       Transmutation/Earth          2
   c - Stone Arrow                    Conjuration/Earth            3
   d - Petrify                        Transmutation/Earth          4
   e - Lee's Rapid Deconstruction     Earth                        5
 n - a book of Cantrips

   Spells                             Type                      Level
   a - Confusing Touch                Hexes                        1
   b - Animate Skeleton               Necromancy                   1
   c - Summon Small Mammal            Summoning                    1
   d - Apportation                    Translocation                1
Comestibles
 d - 5 rations


   Skills:
 + Level 1.6 Fighting
 + Level 0.1 Short Blades
 + Level 3.0 Slings
 + Level 0.7 Armour
 + Level 1.9 Dodging
 + Level 2.4 Stealth
 + Level 2.8 Spellcasting
   Level 0.7 Transmutations
 + Level 4.5 Earth Magic


You had 8 spell levels left.
You knew the following spells:

 Your Spells              Type           Power        Failure   Level  Hunger
a - Sandblast             Erth           ###...       7%          1    #......


Dungeon Overview and Level Annotations

Branches:
Dungeon (3/15)

Altars:

Annotations:
D:3 Kairos's ghost, amateur HuMo


Innate Abilities, Weirdness & Mutations

You are resistant to torment.
Your stone body is resilient. (AC +4)
You are immune to poison.
You resist negative energy. (rN+)
You are resistant to electric shocks. (rElec)
You can survive without breathing.
You are immune to petrification.
You are immune to rotting.


Message History

b - 21 stones Kairos's ghost barely misses you.
Casting: Sandblast
Confirm with . or Enter, or press ? or * to list all spells.
Aiming: Sandblast
Press: ? - help, Shift-Dir - straight line, f/p - Kairos's ghost
Aim: Kairos's ghost (moderately damaged)
You miscast Sandblast.
Your feet feel warm.
Kairos's ghost hits you!
Casting: Sandblast
Confirm with . or Enter, or press ? or * to list all spells.
Aiming: Sandblast
Press: ? - help, Shift-Dir - straight line, f/p - Kairos's ghost
Aim: Kairos's ghost (moderately damaged)
You miscast Sandblast.
You feel momentarily lethargic. Kairos's ghost hits you!
* * * LOW HITPOINT WARNING * * *
Kairos's ghost shouts, "I was like you once."
Kairos's ghost boasts, "I have defeated monsters you have never seen."
There is a stone staircase leading up here.
Kairos's ghost hits you!
You die...

... ......#. .. ..#...#.
...### #.#... . .....
...... ( ...# #.##.# .
##########...### #.##.# (
#.......@......###.##.##.
#.....#)W#...#.##.......$
#.##........##.##..##..#.
#.##..#...####.##........
#..........#........#....
#...............#........
#.#...#.#..#.##.#........
#.....#.#.###.#.#........
#........## #..#.......#


You could see Kairos's ghost.

Vanquished Creatures
  Terence (D:2)
  Natasha (thrice) (D:2)
  Robin (D:2)
  5 adders (D:2)
  An ooze (D:2)
  A worm (D:1)
  A dart slug (D:1)
  2 leopard geckos (D:1)
  5 giant cockroaches
  8 goblins
  6 hobgoblins
  5 bats
  3 frilled lizards
  8 kobolds
  9 rats
59 creatures vanquished.

Notes
Turn   | Place    | Note
-------+----------+-------------------------------------------
     0 | D:1      | Kairos the Gargoyle Earth Elementalist began the quest for the Orb.
     0 | D:1      | Reached XP level 1. HP: 10/10 MP: 3/3
   328 | D:1      | Reached XP level 2. HP: 15/15 MP: 5/5
   435 | D:1      | Reached skill level 4 in Earth Magic
   709 | D:1      | Reached XP level 3. HP: 19/19 MP: 6/6
  1132 | D:2      | Reached skill level 1 in Slings
  1168 | D:2      | Reached skill level 1 in Fighting
  1202 | D:2      | Noticed Natasha
  1241 | D:2      | Killed Natasha
  1241 | D:2      | Reached XP level 4. HP: 16/25 MP: 2/7
  1624 | D:2      | Noticed Robin
  1639 | D:2      | Killed Robin
  1815 | D:2      | Noticed Terence
  1827 | D:2      | Killed Terence
  1827 | D:2      | Reached XP level 5. HP: 26/29 MP: 0/8
  2018 | D:2      | Noticed Natasha
  2028 | D:2      | Killed Natasha
  2144 | D:2      | Noticed Natasha
  2151 | D:2      | Killed Natasha
  2623 | D:3      | Noticed Kairos's ghost (amateur HuMo)
  2652 | D:3      | Slain by Kairos's ghost

Skill      XL: |  1  2  3  4  5 |
---------------+----------------+-----
Earth Magic    | 4 |  4.5
Slings         | 1 2 3 |  3.0
Fighting       | 1 |  1.6
Short Blades   | |  0.1
Armour         | |  0.7
Dodging        | |  1.9
Stealth        | |  2.4
Spellcasting   | |  2.8
Transmutations | |  0.7

Action                   |  1- 3 |  4- 6 || total
-------------------------+-------+-------++-------
Melee: Unarmed           |     8 |       ||     8
       Dagger            |       |    18 ||    18
 Fire: Hunting sling     |    71 |    76 ||   147
Throw: Stone             |    16 |       ||    16
 Cast: Sandblast         |    21 |    31 ||    52
  Eat: Chunk             |     1 |     5 ||     6
Armor: Leather armour    |    19 |    21 ||    40
       Robe              |     2 |       ||     2
Dodge: Dodged            |    31 |    35 ||    66
